 BcadrenCrawl: Boulder Brew version 0.04.2-10-g17648f679b (webtiles) character file.

Game seed: 6922639911923357044, levelgen mode: deterministic

113 gruber the Bolt Thrower (level 5, 30/30 HPs) Kobold Hunter. Began on May 2, 2021. Quit the game on level 2 of the Dungeon. The game lasted 00:01:45 (736 turns).

gruber the Bolt Thrower (Kobold Hunter)              Turns: 736, Time: 00:01:46

Health: 30/30      AC:  5    Str: 10    XL:     5 ^: 107
Magic:  5/5        EV: 15    Int: 13    God:
Gold:   64         SH:  0    Dex: 15    Spells: 4/4 levels left

rFire    . . .     Vision   .   a - +1 hand crossbow
rCold    . . .     Gourm    .   (weapon restricted)
rNeg     . . .     Faith    .   c - +0 leather armour
rPois    .         Spirit   .   h - +0 helmet
rElec    .         Reflect  .   (no cloak)
rCorr    .         Harm     .   g - +0 pair of gloves
MR       .....                  (no boots)
Stlth    ++........             n - amulet of magic regeneration
HPRegen  0.20/turn              (no ring)
MPRegen  0.40/turn              (no ring)

@: no status effects
A: small, carnivore
a: no special abilities


You were on level 2 of the Dungeon.
You were not hungry.

You visited 1 branch of the dungeon, and saw 2 of its levels.

You collected 64 gold pieces.

Inventory:

Weapons
 a - a +1 hand crossbow (weapon)
 b - a +0 short sword
Armour
 c - a +0 leather armour (worn)
 g - a +0 pair of gloves (worn)
 h - a +0 helmet (worn)
Jewellery
 n - an amulet of magic regeneration (around neck)
Scrolls
 i - a scroll of magic mapping
 j - a scroll of fear
 l - a scroll of bless item
 m - a scroll of fog
Potions
 e - a potion of resistance
 f - 5 potions of curing
 k - a potion of heal wounds
 o - a potion of might
 p - a potion of brilliance
Comestibles
 d - a ration


   Skills:
 - Level 2.1 Fighting
 + Level 7.3 Crossbows
 - Level 2.4 Dodging
 - Level 1.3 Stealth


You had 4 spell levels left.
You didn't know any spells.
Your spell library was empty.

Dungeon Overview and Level Annotations

Branches:
Dungeon (2/8)

Altars:


Innate Abilities, Weirdness & Mutations

You are small and have problems with some larger weapons.
You are carnivorous and can eat meat at any time.


Message History

Partly explored, can't reach some places.
(D) Dungeon
Where to? (? - help)
There is an open door here.
There is a large open door here.
You enter the shallow water.
Moving in this stuff is going to be slow.
There is a stone staircase leading down here.
You see here a +0 dagger.
You climb downwards.
Found a stone staircase leading up.
There is a stone staircase leading up here.
No target in view!
No target in view!
You enter the shallow water.
Moving in this stuff is going to be slow.
A kobold comes into view.
A kobold is nearby!
A kobold is nearby!
Are you sure you want to abandon this character and quit the game? (Confirm with "yes".)

#. #≈ #≈. #K≈ #..#
≈.≈### #≈.≈# ###@.#
#≈.≈## ####≈.## ≈≈
##.≈≈.## ≈≈≈≈≈
#.....# #.≈≈≈≈≈
.###..#.######≈..≈≈≈.
.≈≈<.....≈≈≈≈≈≈≈..≈≈≈
.≈≈≈≈≈≈≈.≈≈≈≈≈≈≈≈≈≈≈≈
..≈≈≈≈≈≈.≈≈≈≈≈≈≈≈≈≈≈≈


You could see a kobold (wandering).

Vanquished Creatures
  2 giant cockroaches (D:1)
  6 cinder newts (D:1)
  2 dart slugs (D:1)
  2 leopard geckos (D:1)
  6 bats (D:1)
  5 hobgoblins (D:1)
  9 kobolds (D:1)
  A ball python (D:1)
  4 goblins (D:1)
  8 rats (D:1)
  A plant (D:1)
46 creatures vanquished.

Vanquished Creatures (others)
  A withered plant (D:2)
1 creature vanquished.

Grand Total: 47 creatures vanquished

Notes
Turn   | Place    | Note
-------+----------+-------------------------------------------
     0 | D:1      | gruber the Kobold Hunter began the quest for the Orb.
     0 | D:1      | Reached XP level 1. HP: 12/12 MP: 1/1
    21 | D:1      | Reached skill level 5 in Crossbows
    41 | D:1      | Reached XP level 2. HP: 17/17 MP: 2/2
    45 | D:1      | Reached skill level 6 in Crossbows
    45 | D:1      | Reached XP level 3. HP: 21/21 MP: 3/3
    97 | D:1      | Reached XP level 4. HP: 24/26 MP: 4/4
   244 | D:1      | Reached skill level 7 in Crossbows
   317 | D:1      | Reached XP level 5. HP: 30/30 MP: 5/5
   736 | D:2      | Quit the game

Levels and vault maps discovered:
D:1:      denvon_arrival_planthouse, layout_basic, minmay_unequal
D:2:      layout_sewer, purgy_donut, first_ration, trog_three_pillars_becter

Skill      XL: |  1  2  3  4 |
---------------+-------------+-----
Crossbows      | 5 6 7 |  7.3
Fighting       | |  2.1
Dodging        | |  2.4
Stealth        | |  1.3

Action                   |  1- 3 |  4- 6 || total
-------------------------+-------+-------++-------
Melee: Unarmed           |    18 |    39 ||    57
 Fire: Hand crossbow     |    13 |    30 ||    43
Armor: Leather armour    |     8 |    13 ||    21
Dodge: Dodged            |    40 |    75 ||   115
